 Dungeon Crawl Stone Soup version 0.13.1-2-gfb2c2b7 (webtiles) character file.

2948 xqwzts the Thaumaturge (level 9, 0/44 HPs)
             Began as a Deep Elf Wizard on Dec 10, 2013.
             Was a Believer of Vehumet.
             Succumbed to a worker ant's poison
             ... on Level 7 of the Dungeon on Dec 11, 2013.
             The game lasted 01:59:02 (12437 turns).

xqwzts the Thaumaturge (Deep Elf Wizard)           Turns: 12437, Time: 01:59:11

HP   0/44        AC  6     Str  4      XL: 9   Next: 35%
MP   6/29        EV 12     Int 27      God: Vehumet [**....]
Gold 309         SH  0     Dex 13      Spells:  8 memorised, 13 levels left

Res.Fire  : + . .   See Invis. : .   j - +1,+3 dagger (venom)
Res.Cold  : . . .   Warding    : .   r - +1 robe
Life Prot.: + . .   Conserve   : .   (no shield)
Res.Poison: .       Res.Corr.  : .   b - +0 elf wizard hat
Res.Elec. : .       Clarity    : .   (no cloak)
Sust.Abil.: . .     Spirit.Shd : .   A - +0 pair of gloves
Res.Mut.  : .       Stasis     : +   v - +1 pair of dwarf boots
Res.Rott. : .       Flight     : .   N - amulet of stasis
Saprovore : . . .                    P - ring of protection from fire {unknown}
                                     B - ring of positive energy

@: mildly poisoned, somewhat resistant to hostile enchantments, fairly stealthy
A: no striking features
a: Renounce Religion


You were on level 7 of the Dungeon.
You worshipped Vehumet.
Vehumet was pleased with you.
You were not hungry.

You visited 2 branches of the dungeon, and saw 9 of its levels.
You also visited: Ossuary.

You collected 289 gold pieces.

Inventory:

Hand weapons
 f - a +1,+0 orcish short sword of flaming
 j - a +1,+3 dagger of venom (weapon)
 s - a +1,+2 dagger of chaos
 D - a +2,+2 orcish whip of pain
Missiles
 q - 28 poisoned needles (quivered)
Armour
 b - a +0 elven wizard hat (worn)
 g - a +0 elven chain mail
 r - a +1 robe (worn)
 v - a +1 pair of dwarven boots (worn)
 A - a +0 pair of gloves (worn)
Magical devices
 u - a wand of invisibility (9)
 y - a wand of draining (4)
 F - a wand of fireball (2)
 I - a wand of draining (8)
Comestibles
 z - a meat ration
 E - a bread ration
 K - an apple
Scrolls
 e - 5 scrolls of blinking
 k - a scroll of recharging
 o - 2 scrolls of remove curse
 x - 4 scrolls of enchant weapon I
 J - 2 scrolls of enchant weapon II
Jewellery
 a - an uncursed ring of protection from cold
 B - a ring of positive energy (left hand)
 H - an uncursed amulet of rage
 N - an amulet of stasis (around neck)
 P - a ring of protection from fire (right hand) {unknown}
 R - a -3 ring of dexterity
Potions
 h - 5 potions of might
 i - a potion of mutation
 l - a potion of slowing
 m - a potion of resistance
 t - 3 potions of poison {unknown}
 w - 2 potions of curing
 C - 2 potions of speed {unknown}
 M - a potion of porridge {unknown}
 O - a potion of heal wounds
Books
 c - a book of Minor Magic

   Spells                             Type                      Level
   *Magic Dart                        Conjuration                  1
   *Blink                             Translocation                2
   *Call Imp                          Summoning                    2
   *Repel Missiles                    Charms/Air                   2
   Slow                               Hexes                        2
   *Conjure Flame                     Conjuration/Fire             3
   *Mephitic Cloud                    Conjuration/Poison/Air       3
 n - a book of Battle

   Spells                             Type                      Level
   Infusion                           Charms                       1
   Shroud of Golubria                 Charms/Translocation         2
   Song of Slaying                    Charms                       2
   Spectral Weapon                    Hexes/Charms                 3
   Regeneration                       Charms/Necromancy            3
   Song of Shielding                  Charms                       4


   Skills:
 + Level 2.1 Armour
 - Level 2.4 Dodging
 - Level 2.4 Stealth
 - Level 10.2 Spellcasting
 + Level 9.1 Conjurations
 - Level 1.1 Summonings
 - Level 1.1 Translocations
 - Level 6.4 Fire Magic


You had 13 spell levels left.
You knew the following spells:

 Your Spells              Type           Power        Failure   Level  Hunger
a - Magic Dart            Conj           ####         1%          1    None
b - Blink                 Tloc           N/A          4%          2    None
c - Call Imp              Summ           ###.......   4%          2    None
d - Repel Missiles        Chrm/Air       ##........   8%          2    None
e - Mephitic Cloud        Conj/Pois/Air  ####....     3%          3    None
f - Conjure Flame         Conj/Fire      ######..     1%          3    None
g - Flame Tongue          Conj/Fire      #####        1%          1    None
h - Sting                 Conj/Pois      ####         1%          1    None


Dungeon Overview and Level Annotations

Branches:
Dungeon (8/27)             Temple (1/1) D:7
    Orc: D:6-11        Lair: D:8-13

Altars:
Ashenzari
Cheibriados
Fedhas
Kikubaaqudgha
Makhleb
Nemelex Xobeh
Okawaru
Sif Muna
Trog
Vehumet
Xom
Yredelemnul
Zin
the Shining One

Shops:
D:6 /


Message History

Found 21 bolts.
Found a stone staircase leading up.
* * * LOW HITPOINT WARNING * * *
You feel sick. The hound barely misses you.
There is an open door here.
You hear a distant slurping noise.
The hound bites you.
* * * LOW HITPOINT WARNING * * *
Your white imp gestures at the orc warrior.
The puff of frost hits the orc warrior.
Something completely misses your white imp.
Something closely misses your white imp.
The hound bites you but does no damage.
There is a stone staircase leading up here.
Your white imp barely misses the orc warrior.
You hear a distant slurping noise.
The hound bites you.
* * * LOW HITPOINT WARNING * * *
It hits your white imp but does no damage.
You climb upwards.
You die...

###.......# #....<..._.#####
#.........# #.......#.#....#
##.#......)# #..............#
.))>.......# #..............#
##.##)##...# #######........#
##%##.###### #........# ......#
#........#
##.###################........#
#.............h@.............#
#.###################........#
#.# #.......[# #..###.### #.#
#........# #..# #.# #.#
#........# #..# #.# #.#
#........# #..# #.# #.#
#........####.)# #.# #.#
#..............# #.# ##.#####
#........####.## #.#


You could see a hound.

Vanquished Creatures
  Psyche (D:8)
  Edmund (D:4)
  Menkaure (D:4)
  A black bear (D:7)
  A phantom (D:5)
  An ice beast (D:5)
  2 ogres
  2 centaurs
  The ghost of Chiseanne the Charlatan, an average HaAr (D:3)
  A gnoll sergeant (D:7)
  Blork the orc (D:6)
  3 crimson imps
  6 bog bodies (Ossuary)
  2 giant frog zombies (Ossuary)
  A jelly (D:5)
  An orc priest (D:5)
  3 goliath beetles
  2 orc wizards (D:6)
  A giant frog skeleton (D:6)
  4 scorpions
  2 iguanas
  2 hounds
  5 worker ants
  2 hound zombies (Ossuary)
  10 mummies (Ossuary)
  4 gnolls (D:7)
  7 adders
  5 worms
  2 adder zombies
  An iguana skeleton (D:5)
  A giant eyeball (D:3)
  6 giant geckos
  11 orcs
  2 bat zombies
  4 giant cockroaches
  15 goblins
  9 hobgoblins
  7 jackals
  4 quokkas
  23 bats
  7 giant newts
  A giant newt zombie (Ossuary)
  A hobgoblin skeleton (D:4)
  A jackal zombie (Ossuary)
  14 kobolds
  9 rats
  3 rat zombies (Ossuary)
  3 plants (Ossuary)
197 creatures vanquished.

Vanquished Creatures (collateral kills)
  An orc wizard (D:4)
  A big kobold zombie (D:8)
  A mummy (Ossuary)
  2 adders
  A worm (D:3)
  An adder zombie (Ossuary)
  An orc (D:4)
  A ball python (D:2)
  A hobgoblin (D:2)
  4 bats (D:3)
14 creatures vanquished.

Vanquished Creatures (others)
  A hungry ghost (D:7)
  2 crimson imps (Ossuary)
  A giant newt (D:7)
4 creatures vanquished.

Grand Total: 215 creatures vanquished

Notes
Turn   | Place    | Note
--------------------------------------------------------------
     0 | D:1      | xqwzts, the Deep Elf Wizard, began the quest for the Orb.
     0 | D:1      | Reached XP level 1. HP: 8/8 MP: 7/7
   263 | D:1      | Reached skill level 5 in Spellcasting
   348 | D:1      | Reached XP level 2. HP: 13/13 MP: 7/10
   371 | D:1      | Learned a level 2 spell: Blink
   374 | D:1      | Learned a level 2 spell: Call Imp
   377 | D:1      | Learned a level 2 spell: Repel Missiles
   960 | D:2      | Reached XP level 3. HP: 14/17 MP: 5/14
   966 | D:2      | Reached skill level 6 in Spellcasting
  1345 | D:2      | Learned a level 3 spell: Mephitic Cloud
  1349 | D:2      | Learned a level 3 spell: Conjure Flame
  2307 | D:2      | Reached XP level 4. HP: 11/22 MP: 8/18
  2614 | D:3      | Noticed Chiseanne's ghost (average HaAr)
  3406 | D:3      | Killed Chiseanne's ghost
  3406 | D:3      | Reached skill level 7 in Spellcasting
  3406 | D:3      | Reached XP level 5. HP: 26/26 MP: 11/20
  3622 | D:3      | Found a glowing silver altar of Zin.
  3622 | D:3      | Found a glowing golden altar of the Shining One.
  3629 | D:3      | Found a snail-covered altar of Cheibriados.
  4261 | D:3      | Found a radiant altar of Vehumet.
  4512 | D:3      | Became a worshipper of Vehumet
  4533 | D:3      | Found a shattered altar of Ashenzari.
  4933 | D:4      | Noticed Edmund
  5057 | D:4      | Killed Edmund
  5057 | D:4      | Reached XP level 6. HP: 7/31 MP: 3/23
  5546 | D:4      | Noticed an ogre
  5560 | D:4      | Killed an ogre
  5560 | D:4      | Reached skill level 8 in Spellcasting
  5560 | D:4      | Reached skill level 5 in Conjurations
  5612 | D:4      | Noticed Menkaure
  5645 | D:4      | Killed Menkaure
  5645 | D:4      | Reached XP level 7. HP: 11/35 MP: 7/25
  6274 | D:5      | Entered Level 5 of the Dungeon
  6516 | D:5      | Found a burning altar of Makhleb.
  7154 | D:5      | Reached skill level 9 in Spellcasting
  7288 | D:5      | Reached skill level 1 in Fire Magic
  7328 | D:5      | Acquired Vehumet's first power
  7328 | D:5      | Offered knowledge of Flame Tongue by Vehumet.
  7662 | D:5      | Reached XP level 8. HP: 33/40 MP: 12/27
  8022 | D:6      | Found Ceujuy's Magical Wand Shop.
  8123 | D:6      | Found an iron altar of Okawaru.
  8140 | D:6      | Noticed Blork the orc
  8176 | D:6      | Killed Blork the orc
  8435 | D:6      | Found a bloodstained altar of Trog.
  8978 | D:7      | Found a shimmering altar of Xom.
  9779 | D:7      | Reached skill level 5 in Fire Magic
 10482 | D:7      | Reached skill level 10 in Spellcasting
 10843 | D:7      | Found a staircase to the Ecumenical Temple.
 10853 | Temple   | Entered the Ecumenical Temple
 10978 | D:8      | Noticed Psyche
 10991 | D:8      | Killed Psyche
 10991 | D:8      | Reached XP level 9. HP: 36/44 MP: 14/29
 11159 | D:8      | Found a sand-covered staircase.
 11164 | Ossuary  | Entered an ossuary
 11218 | Ossuary  | Learned a level 1 spell: Flame Tongue
 11222 | Ossuary  | Offered knowledge of Sting by Vehumet.
 11249 | Ossuary  | Learned a level 1 spell: Sting
 11490 | Ossuary  | Reached skill level 1 in Armour
 12436 | D:8      | HP: 1/44 [hound (3)]
 12437 | D:7      | Succumbed to a worker ant's poison

Action                   |  1- 3 |  4- 6 |  7- 9 || total
-------------------------+-------+-------+-------++-------
Melee: Dagger            |     2 |    12 |    88 ||   102
 Cast: Magic Dart        |   113 |   143 |   426 ||   682
       Call Imp          |     2 |     5 |    13 ||    20
       Conjure Flame     |     2 |    13 |    37 ||    52
       Mephitic Cloud    |     1 |     4 |     5 ||    10
       Blink             |       |     2 |     1 ||     3
       Repel Missiles    |       |       |     6 ||     6
       Flame Tongue      |       |       |    53 ||    53
       Sting             |       |       |     2 ||     2
  Use: Scroll            |       |    11 |    19 ||    30
       Potion            |       |     3 |       ||     3
